 Dungeon Crawl Stone Soup version 0.31-a0-236-g9a0961fb85 (webtiles) character file.

Game seed: 9802365738362251639

88 qw the Shooter (level 4, -3/38 HPs)
             Began as a Minotaur Hexslinger on July 10, 2023.
             Killed from afar by an orc wizard (8 damage)
             ... with a magic dart
             ... on level 3 of the Dungeon.
             The game lasted 00:00:31 (1570 turns).

qw the Shooter (Minotaur Hexslinger)                Turns: 1570, Time: 00:00:31

Health: -3/38      AC:  7    Str: 11 (12) XL:     4   Next: 29%
Magic:  4/4        EV: 10    Int:  8 (10) God:
Gold:   94         SH:  0    Dex: 13 (15) Spells: 4/5 levels left

rFire   . . .        Y - +2 sling
rCold   + . .        (no shield)
rNeg    . . .        i - +1 ring mail {rC+}
rPois   .            (helmet restricted)
rElec   .            (no cloak)
rCorr   .            (no gloves)
SInv    .            m - +0 pair of boots
Will    .....        (no amulet)
Stlth   +            (no ring)
HPRegen 0.26/turn    (no ring)
MPRegen 0.09/turn

%: no passive effects
@: no status effects
A: horns 2, retaliatory headbutt
a: no special abilities


You were on level 3 of the Dungeon.
You visited 1 branch of the dungeon, and saw 3 of its levels.

You collected 94 gold pieces.


Innate Abilities, Weirdness & Mutations

You have a pair of horns on your head.
You reflexively headbutt those who attack you in melee.


   Skills:
 - Level 3.1 Fighting
 - Level 4.1 Ranged Weapons
 + Level 0.8 Armour
 - Level 2.1 Dodging
 - Level 1.0 Spellcasting
 - Level 2.0 Hexes


You had 4 spell levels left.
You knew the following spells:

 Your Spells              Type           Power      Damage    Failure   Level
a - Slow                  Hex            12%        N/A       38%         1

Your spell library contained the following spells:

 Spells                   Type           Power      Damage    Failure   Level
 Inner Flame              Hex/Fire       2%         N/A       88%         3
 Portal Projectile        Hex/Tloc       4%         N/A       88%         3
 Cause Fear               Hex            1%         N/A       99%         4

Inventory:

Hand Weapons
 Y - a +2 sling (weapon)
Armour
 i - a +1 ring mail of cold resistance (worn)
 m - a +0 pair of boots (worn)
Scrolls
 d - a scroll of identify
Potions
 e - a potion of lignification {unknown}
 g - a potion of attraction {unknown}
 h - a potion of ambrosia {unknown}
 l - a potion of resistance {unknown}

Dungeon Overview and Level Annotations

Branches:
Dungeon (3/15)

Altars:


Message History

The orc is heavily wounded.
You hear some strange, mumbled words.
You are confused.
The orc hits you with a +0 hand axe. Something hits you but does no damage.
The orc closely misses you. Something hits you but does no damage.
The orc closely misses you. Something hits you.
The orc hits you but does no damage. Something hits you.
The orc hits you but does no damage. Something hits you.
The orc barely misses you.
You feel less confused.
You hear some strange, mumbled words.
A puff of flame appears from out of thin air!
The puff of flame misses you. The orc hits you but does no damage.
You shoot a sling bullet.
The sling bullet closely misses the orc.
Something hits you. The orc hits you but does no damage.
You shoot a sling bullet. The sling bullet barely misses the orc.
Something hits you but does no damage. The orc barely misses you. x2
Something hits you but does no damage.
You shoot a sling bullet. The sling bullet barely misses the orc.
You hear some strange, mumbled words.
You are confused.
The orc closely misses you. Something hits you.
The orc hits you with a +0 hand axe. Something hits you but does no damage.
The orc barely misses you. Something hits you but does no damage.
The orc completely misses you. Something hits you but does no damage.
The orc hits you with a +0 hand axe. Something hits you.
The orc hits you but does no damage.
You feel less confused. Something hits you but does no damage.
The orc hits you with a +0 hand axe.
You shoot a sling bullet. The sling bullet hits the orc.
You kill the orc!
Something hits you.
You shoot a sling bullet.
The sling bullet closely misses the goblin.
The goblin barely misses you.
You hear some strange, mumbled words.
A magic dart appears from out of thin air!
The magic dart hits you!
You die...

#.# #.# #.#
#.# #.#
####### #)#
#.....#
#.###.##.##
#......#.#
#####@.#.#
.....)g{.#.#
.#######.#.#
.#.# ##.#


You could see a goblin.

Vanquished Creatures
  Jessica (D:2)
  3 adders (D:2)
  A dart slug (D:2)
  3 orcs (D:3)
  A bat (D:1)
  2 endoplasms
  2 giant cockroaches (D:2)
  4 goblins
  4 hobgoblins
  2 quokkas (D:1)
  A kobold (D:2)
  4 rats
28 creatures vanquished.

Notes
Turn   | Place    | Note
-------+----------+-------------------------------------------
     0 | D:1      | qw the Minotaur Hexslinger began the quest for the Orb.
     0 | D:1      | Reached XP level 1. HP: 16/16 MP: 1/1
     0 | D:1      | 0 ||| qw: Version: 0.3-a-52-g30416fa
     0 | D:1      | 0 ||| qw: Game counter: 4951
     0 | D:1      | 0 ||| qw: Melee chars always use a shield: true
     0 | D:1      | 0 ||| qw: God list: Okawaru
     0 | D:1      | 0 ||| qw: Allow faded altars: false
     0 | D:1      | 0 ||| qw: Do Orc after clearing Dungeon:15 true
     0 | D:1      | 0 ||| qw: Do second Lair branch before Depths: true
     0 | D:1      | 0 ||| qw: Lair rune preference: random
     0 | D:1      | 0 ||| qw: Goals: Normal
     0 | D:1      | 0 ||| PLANNING D:1-11
   306 | D:1      | Reached skill level 3 in Ranged Weapons
   306 | D:1      | Reached XP level 2. HP: 10/23 MP: 2/2
   671 | D:1      | 671 ||| READING scroll labelled PIAFFASOLU.
   672 | D:1      | 672 ||| READING scroll labelled GAGGOITEMA.
   673 | D:1      | 673 ||| READING scroll labelled PASHROA WOZAUQU.
   674 | D:1      | 674 ||| READING scroll labelled XABETO YFYU.
   675 | D:1      | 675 ||| DROPPING scroll of poison.
   719 | D:2      | Noticed Jessica
   721 | D:2      | Killed Jessica
   722 | D:2      | Reached skill level 3 in Fighting
   722 | D:2      | Reached XP level 3. HP: 26/31 MP: 3/3
  1286 | D:2      | Reached XP level 4. HP: 38/38 MP: 4/4
  1288 | D:2      | Reached skill level 4 in Ranged Weapons
  1453 | D:2      | 1453 ||| UPGRADING to +0 leather armour.
  1463 | D:2      | 1463 ||| DROPPING +0 robe.
  1464 | D:2      | 1464 ||| UPGRADING to +0 ring mail.
  1474 | D:2      | 1474 ||| DROPPING +0 leather armour.
  1475 | D:2      | 1475 ||| UPGRADING to +1 ring mail of cold resistance.
  1485 | D:2      | 1485 ||| DROPPING +0 ring mail.
  1486 | D:2      | 1486 ||| UPGRADING to +0 pair of boots.
  1491 | D:2      | 1491 ||| READING 3 scrolls labelled MEPHUE DOGARCHIU.
  1492 | D:2      | 1492 ||| READING scroll labelled NUEJYKL GALAMN.
  1493 | D:2      | 1493 ||| DRINKING 2 blue potions.
  1494 | D:2      | 1494 ||| READING 2 scrolls of identify.
  1494 | D:2      | 1494 ||| IDENTIFYING clear potion
  1495 | D:2      | 1495 ||| DROPPING potion of magic.
  1496 | D:2      | 1496 ||| DROPPING potion of degeneration.
  1566 | D:3      | HP: 9/38 [orc/+0 hand axe (2)]
  1570 | D:3      | Killed from afar by an orc wizard

Levels and vault maps discovered:
D:1:      minmay_arrival_jagged, layout_basic
D:2:      minmay_wonky_spiral, layout_basic, uniq_jessica
D:3:      layout_basic, chequers_ecumenical_altar_simple_redux, uniq_grinder

Skill      XL: |  1  2  3  4 |
---------------+-------------+-----
Ranged Weapons | 3 4 |  4.1
Fighting       | 3 |  3.1
Armour         | |  0.8
Dodging        | |  2.1
Spellcasting   | |  1.0
Hexes          | |  2.0

Action                     |  1- 3 |  4- 6 || total
---------------------------+-------+-------++-------
   Fire: Sling             |    70 |    23 ||    93
    Use: Scroll            |     4 |     3 ||     7
         Potion            |       |     1 ||     1
 Armour: Robe              |     5 |       ||     5
         Ring mail         |       |    21 ||    21
  Dodge: Dodged            |    19 |    14 ||    33

Table legend:
 A = Non-vault XP
 B = Vault XP
 C = Vault XP percentage of total XP
 D = Non-vault monster count
 E = Vault monster count
 F = Vault count percentage of total count
                 A         B        C        D         E       F
            +---------+---------+-------+---------+---------+-------
      Total |      56 |      70 |  55.6 |      22 |       6 |  21.4
            +---------+---------+-------+---------+---------+-------
        D:1 |      16 |       0 |   0.0 |       9 |       0 |   0.0
        D:2 |      29 |      70 |  70.7 |       9 |       6 |  40.0
        D:3 |      11 |       0 |   0.0 |       4 |       0 |   0.0
            +---------+---------+-------+---------+---------+-------
